AoeStats
← Azedo94

MegaRandom

510327745Analyzed
2v2 RM · 3d ago on Sep 30, 2026· 27m 20s· 4 players
Game mode
Random Map
Map size
Medium (4 player)
Population
200
Speed
Normal
Resources
Standard
Victory
Conquest
Starting age
Dark Age
Ending age
Imperial Age
RankedLock teamsTeams togetherTeam positionsShared explorationLock speedFull tech treeHidden civsTurbo modeCheats
Victory
Defeat
🇩🇪 Franks · Germany
1282
+13
🇭🇺 Mongols · Hungary
1252
+15
🇫🇷 Burgundians · France
1231
-14
🇩🇪 Mongols · Germany
1215
-14
Eragon
5:25 Loom
9:26 Feudal Age
16:56 Horse Collar
25:01 Castle Age
kiara.g
6:54 Loom
7:30 Loom
10:33 Feudal Age
10:10 Double-Bit Axe
21:32 Castle Age
20:26 Forging
20:22 Scale Barding Armor
20:26 Gold Mining
21:44 Cavalier
23:57 Wheelbarrow
24:11 Husbandry
Azedo94
6:32 Loom
9:42 Feudal Age
10:40 Double-Bit Axe
15:25 Scale Barding Armor
20:12 Castle Age
25:55 Scale Barding Armor
peterbrny
7:36 Loom
10:01 Feudal Age
12:24 Forging
12:20 Scale Barding Armor
12:37 Double-Bit Axe
16:26 Horse Collar
17:54 Gold Mining
20:36 Castle Age
20:22 Bloodlines
21:19 Husbandry
22:53 Iron Casting
24:45 Chain Barding Armor
Connection lost

Rejoining the realm…

Still unreachable

The connection could not be restored.

Session expired

The server has moved on; the page needs a fresh start.